 Dungeon Sprint DCSS version 0.15-a0-1224-g3833f9c (webtiles) character file.

865 Infinimo the Grappler (level 7, -2/66 HPs)
             Began as a Black Draconian Transmuter on June 1, 2014.
             Was a Believer of Cheibriados.
             Slain by a pale draconian
             ... wielding a +0,+0 long sword
              (16 damage)
             ... in the Dungeon (Sprint V: "Ziggurat Sprint").
             The game lasted 00:02:19 (376 turns).

Infinimo the Grappler (Black Draconian Transmuter)   Turns: 376, Time: 00:02:19

HP  -2/66        AC  6     Str 17      XL: 7   Next: 72%
MP  14/20        EV 16     Int 21      God: Cheibriados [**....]
Gold 0           SH  0     Dex 16      Spells:  4 memorised,  5 levels left

rFire  . . .     SeeInvis .       - Unarmed
rCold  . . .     Clarity  .     (armour unavailable)
rNeg   + . .     rCorr    .     (shield currently unavailable)
rPois  .         rRot     .     (helmet restricted)
rElec  +         Spirit   .     (no cloak)
SustAb .         Warding  .     (gloves currently unavailable)
rMut   .         NoTele   +     (no boots)
Gourm  .                        (no amulet)
MR     .....                    (no ring)
                                F - ring of positive energy

@: lethally poisoned, blade hands (expiring), very slow, not resistant to
hostile enchantments, very unstealthy
A: breathe lightning, unfitting armour, electricity resistance, cold-blooded, AC
+6
a: Breathe Lightning, End Transformation, Bend Time, Renounce Religion


You were in the Dungeon.
You worshipped Cheibriados.
Cheibriados was pleased with you.
You were not hungry.
Your hands were blades.
You visited 1 branch

Inventory:

Missiles
 b - 12 arrows
Armour
 r - a +3 buckler
 D - the +18 shield of the gong {rElec rN+ MR+ EV-5}
   (You found it in the Dungeon)

   It affects your evasion (-5).
   It insulates you from electricity.
   It protects you from negative energy.
   It affects your resistance to hostile enchantments.
Magical devices
 c - a wand of disintegration (7)
 k - a wand of cold (1)
 l - a wand of draining (5)
 m - a wand of fire (3)
Comestibles
 a - 5 bread rations
 A - a rotting chunk of elf flesh
 B - 42 fruits
 C - 4 meat rations
Scrolls
 j - 4 scrolls of blinking
 u - 4 scrolls of amnesia
 v - 3 scrolls of recharging
 w - 7 scrolls of fog
 x - a scroll of holy word
 y - 5 scrolls of identify
 z - 5 scrolls of remove curse
Jewellery
 F - a ring of positive energy (left scythe-like blade)
Potions
 e - 10 potions of curing
 f - 9 potions of heal wounds
 g - 6 potions of haste
 h - 7 potions of magic
 i - 3 potions of berserk rage
 n - 2 potions of brilliance
 o - 2 potions of invisibility
 p - 2 potions of restore abilities
 q - 4 potions of resistance
 s - 5 potions of agility
 t - 5 potions of might
Books
 d - a book of Changes

   Spells                             Type                      Level
   *Beastly Appendage                 Transmutation                1
   Sticks to Snakes                   Transmutation                2
   *Spider Form                       Transmutation/Poison         3
   *Ice Form                          Ice/Transmutation            4
   *Blade Hands                       Transmutation                5
 E - a book of Death

   Spells                             Type                      Level
   Corpse Rot                         Necromancy                   2
   Sublimation of Blood               Necromancy                   2
   Agony                              Necromancy                   5
   Dispel Undead                      Necromancy                   5
   Excruciating Wounds                Charms/Necromancy            5
   Bolt of Draining                   Conjuration/Necromancy       5


   Skills:
 - Level 7.1 Fighting
 - Level 6.2 Dodging
 + Level 9.7 Unarmed Combat
 - Level 6.3 Spellcasting
 + Level 9.5 Transmutations


You had 5 spell levels left.
You knew the following spells:

 Your Spells              Type           Power        Failure   Level  Hunger
a - Beastly Appendage     Trmt           #####.       10%         1    None
b - Blade Hands           Trmt           #####.....   36%         5    #####..
c - Ice Form              Ice/Trmt       ####......   58%         4    ###....
d - Spider Form           Trmt/Pois      ####......   32%         3    ##.....


Dungeon Overview and Level Annotations

Branches:
Dungeon (1/1)

Altars:
Ashenzari
Cheibriados
Dithmenos
Elyvilon
Fedhas
Gozag
Kikubaaqudgha
Makhleb
Nemelex Xobeh
Okawaru
Qazlal
Sif Muna
Trog
Vehumet
Xom
Yredelemnul
Zin
The Shining One
Beogh
Jiyva
Lugonu


Innate Abilities, Weirdness & Mutations

You can breathe wild blasts of lightning.*
Your glossy black scales are hard (AC +6).*
Your body does not fit into most forms of armour.
You are resistant to electric shocks.*
Your cold-blooded metabolism reacts poorly to cold.*


Message History

Unknown command.
Drink which item? (? for menu, Esc to quit)
You feel much better.
You are engulfed in a cloud of scalding steam.
The draconian hits you with a +3,+1 mace of holy wrath.
The draconian is lightly wounded.
You are engulfed in a cloud of scalding steam.
The draconian hits you with a war axe!
The draconian is heavily wounded.
The draconian hits you from afar with a +1,+2 glaive of venom!
* * * LOW HITPOINT WARNING * * *
You are poisoned.
The draconian hits you with a +3,+1 mace of holy wrath.
* * * LOW HITPOINT WARNING * * *
Unknown command.
Unknown command.
The draconian is heavily wounded.
You feel sick.
The pale draconian hits you with a long sword!
You die...

▓▓▓▓▓▓▓▓▓▓▓▓▓▓▓▓▓▓▓
▓.8©8.▓.8©8.▓.8©8.▓
▓.).|.▓.)}..▓.....▓
▓..[..▓.....▓.).}.▓
▓.....▓.....▓.....▓
▓..d..▓.....▓..)..▓
▓...dd▓.....▓..(..▓
▓..d@.▓.....▓▓▓▓▓▓▓
▓▓▓▓▓▓▓▓▓▓▓▓▓


You could see a pale draconian and 3 draconians.

Vanquished Creatures
  A deep elf knight (D)
  A deep elf fighter (D)
  2 phantoms (D)
  An adder skeleton (D)
5 creatures vanquished.

Vanquished Creatures (others)
  Grinder (D)
  Edmund (D)
2 creatures vanquished.

Grand Total: 7 creatures vanquished

Notes
Turn   | Place    | Note
--------------------------------------------------------------
     0 | D        | Infinimo, the Draconian Transmuter, began the quest for the Orb.
     0 | D        | Reached XP level 1. HP: 16/16 MP: 3/3
     0 | D        | Found a roughly hewn altar of Beogh.
     0 | D        | Found a corrupted altar of Lugonu.
     1 | D        | Found a white marble altar of Elyvilon.
     2 | D        | Found a sparkling altar of Nemelex Xobeh.
     2 | D        | Found a burning altar of Makhleb.
     3 | D        | Found a deep blue altar of Sif Muna.
     3 | D        | Found a bloodstained altar of Trog.
     9 | D        | Found an iron altar of Okawaru.
    10 | D        | Found an ancient bone altar of Kikubaaqudgha.
    12 | D        | Found a basalt altar of Yredelemnul.
    12 | D        | Found a radiant altar of Vehumet.
    16 | D        | Found a shimmering altar of Xom.
    18 | D        | Reached skill level 6 in Unarmed Combat
    18 | D        | Reached skill level 5 in Transmutations
    18 | D        | Reached XP level 2. HP: 23/23 MP: 4/4
    59 | D        | Became a worshipper of Cheibriados the Contemplative
    70 | D        | Entered arena 1.
    70 | D        | Noticed a deep elf fighter
    70 | D        | Noticed a deep elf knight
    72 | D        | Killed a deep elf fighter
    72 | D        | Reached skill level 7 in Unarmed Combat
    72 | D        | Reached XP level 3. HP: 17/33 MP: 5/8
    72 | D        | Reached XP level 4. HP: 20/40 MP: 6/10
    72 | D        | Reached XP level 5. HP: 23/46 MP: 7/12
    78 | D        | Killed a deep elf knight
    78 | D        | Reached skill level 9 in Unarmed Combat
    78 | D        | Reached XP level 6. HP: 9/60 MP: 7/19
    78 | D        | Your scales start taking on a glossy black colour.
    78 | D        | Gained mutation: You are resistant to electric shocks. [draconian maturity]
    78 | D        | Reached XP level 7. HP: 9/66 MP: 7/20
    86 | D        | Learned a level 5 spell: Blade Hands
    91 | D        | Learned a level 4 spell: Ice Form
    95 | D        | Learned a level 3 spell: Spider Form
   144 | D        | Killed Edmund
   345 | D        | Killed Grinder
   346 | D        | Entered arena 2.
   346 | D        | Noticed a phantom
   346 | D        | Noticed a phantom
   349 | D        | Killed a phantom
   355 | D        | Killed a phantom
   368 | D        | Entered arena 3.
   368 | D        | Noticed a draconian
   368 | D        | Noticed a draconian
   368 | D        | Noticed a pale draconian
   368 | D        | Noticed a draconian
   376 | D        | Slain by a pale draconian

Action                   |  1- 3 |  4- 6 |  7- 9 || total
-------------------------+-------+-------+-------++-------
Melee: Unarmed           |       |       |    12 ||    12
 Cast: Blade Hands       |       |       |     2 ||     2
Evoke: Wand              |     1 |     4 |     1 ||     6
  Use: Potion            |     1 |       |     1 ||     2
       Scroll            |       |     2 |       ||     2
